Map: Eternal Empire LE

Players

Bread - Winner!

  • Race: Terran Terran
  • Spawn Location: 1:00

VOD

Have the link to the VOD?

Description

Time

  • Played on: May 31, 2020, 3:32 p.m.
  • Length: 14:48
Show
View Real Time Build Order
Export as new Build Order

Bread Terran - Winner!

Build Orders:  

Get SALT Encoding   

  12  0:02  SCV  
  13  0:19  SCV  
  14  0:29  Supply Depot  
  14  0:36  SCV  
  15  0:59  SCV  
  16  1:01  Barracks  
  16  1:12  Refinery  
  16  1:16  SCV  
  17  1:33  SCV  
  18  1:50  SCV  
  19  2:10  Orbital Command  
  19  2:18  Reaper  
  20  2:27  Command Center  
  20  2:47  Supply Depot  
  20  2:48  SCV  
  21  2:58  Marine  
  22  3:09  SCV  
  23  3:15  Factory  
  23  3:26  SCV  
  24  3:30  Barracks Tech Lab  
  24  3:39  Refinery  
  24  3:43  SCV  
  25  4:00  SCV  
  25  4:08  Orbital Command  
  26  4:17  Bunker  
  26  4:21  Marine  
  26  4:23  Factory Tech Lab  
  27  4:36  Starport  
  27  4:41  Barracks  
  27  4:46  SCV  
  28  4:55  Marine  
  28  4:59  SCV  
  30  5:09  SCV  
  31  5:16  SCV  
  32  5:20  Stimpack  
  32  5:24  Marine  
  32  5:26  SCV  
  32  5:27  Siege Tank  
  32  5:29  Starport Reactor  
  37  5:41  Barracks  
  37  5:47  Barracks Reactor  
  37  6:01  SCV  
  37  6:02  SCV, Supply Depot  
  39  6:14  Refinery  
  39  6:15  Refinery  
  39  6:18  SCV  
  39  6:19  SCV  
  41  6:28  Marine  
  42  6:33  Supply Depot  
  42  6:36  Siege Tank  
  42  6:39  Marine x2  
  47  6:47  Barracks Reactor  
  47  6:55  SCV  
  47  6:56  SCV  
  47  6:57  Supply Depot  
  49  7:23  Marine x3  
  49  7:25  Siege Tank  
  55  7:33  Supply Depot  
  55  7:45  Medivac  
  55  7:46  Medivac  
  59  7:51  Engineering Bay  
  59  7:55  Engineering Bay  
  59  7:57  SCV x2  
  61  8:08  Command Center  
  61  8:24  SCV x2  
  63  8:32  Terran Infantry Weapons Level 1, Terran Infantry Armor Level 1  
  63  8:35  Unknown  
  63  8:42  SCV  
  63  8:43  SCV  
  65  9:04  Siege Tank  
  65  9:05  Marine x2  
  65  9:06  Marine x2  
  65  9:08  Marine  
  73  9:15  Supply Depot  
  73  9:19  Supply Depot  
  73  9:21  SCV  
  73  9:22  SCV  
  75  9:31  Supply Depot  
  75  9:33  Marine  
  75  9:39  Marine x2  
  78  9:45  Marine x2  
  78  9:49  Siege Tank  
  83  9:50  Orbital Command  
  83  9:55  SCV x2  
  85  10:33  Siege Tank  
  87  10:40  Marine x2  
  87  10:41  Marine x2  
  87  10:43  Medivac x2  
  87  10:45  Marine  
  95  10:53  Siege Tank x5  
  95  10:57  Orbital Command  
  95  11:14  Marine x4  
  95  11:15  Marine  
  100  11:22  Armory  
  100  11:23  Supply Depot  
  100  11:24  Siege Tank  
  108  11:49  SCV x2  
  72  11:50  SCV  
  110  11:58  Supply Depot  
  111  12:02  Supply Depot x2  
  111  12:04  Supply Depot  
  111  12:06  SCV x3  
  114  12:11  Siege Tank x6  
  114  12:24  Marine x3  
  114  12:25  Marine x2  
  114  12:28  Siege Tank  
  122  12:31  Unknown x2  
  122  12:33  Supply Depot  
  122  12:35  Supply Depot  
  122  12:38  Supply Depot  
  118  13:25  Siege Tank  
  118  13:27  Marine x3  
  118  13:28  Marine x2, Siege Tank x6  
  118  13:29  Siege Tank  
  126  14:08  Marine x2  
  126  14:09  Marine x3  
Tags
 
Add a new tag
Caveats
  • Supply blocks, unpowered buildings, or Contaminate may cause inaccurate times.
  • Supply counts are checked every 10 seconds.